[Event "FIDE Online Olympiad Div 2 Pool A 2020"]
[Site "Online"]
[Date "2020.08.16"]
[Round "9"]
[White "Wagner, Dennis"]
[Black "Petkov, Momchil"]
[Result "1-0"]
[ECO "D38"]
[WhiteElo "2279"]
[BlackElo "2265"]
[Annotator "broadcasts"]
[PlyCount "75"]
[EventDate "2020.08.14"]
[EventType "team-tourn"]
[TimeControl "900+5"]

1. d4 Nf6 2. c4 e6 3. Nf3 d5 4. Nc3 Bb4 5. Qa4+ Nc6 6. e3 O-O 7. Qc2 Re8 8. a3 Bf8 9. Bd3 dxc4 10. Bxc4 e5 11. Ng5 exd4 12. Nxf7 Qe7 13. Ng5+ Kh8 14. Nd5 Qd7 15. Nb6 cxb6 16. Nf7+ Qxf7 17. Bxf7 Re7 18. Ba2 Ne4 19. O-O Bf5 20. exd4 Ng3 21. Qb3 Ne2+ 22. Kh1 Be6 23. d5 Ncd4 24. Qd1 Bg4 25. f3 Bf5 26. Bg5 Re5 27. Bf4 Ree8 28. Qd2 Rac8 29. Bg3 h6 30. d6 Rc2 31. Qd1 Rxb2 32. Bf2 Nc6 33. Qd5 Bh7 34. d7 Rd8 35. Bh4 Nf4 36. Qf7 Ne5 37. Qxf4 Ng6 38. Qc7 1-0

[Event "FIDE Online Olympiad Div 2 Pool A 2020"]
[Site "Online"]
[Date "2020.08.16"]
[Round "9"]
[White "Muetsch, Annmarie"]
[Black "Krasteva, Beloslava"]
[Result "1/2-1/2"]
[ECO "B30"]
[WhiteElo "2249"]
[BlackElo "1975"]
[Annotator "broadcasts"]
[PlyCount "112"]
[EventDate "2020.08.14"]
[EventType "team-tourn"]
[TimeControl "900+5"]

1. e4 c5 2. Nc3 Nc6 3. Bb5 Nd4 4. Nf3 a6 5. Bd3 e6 6. O-O Ne7 7. b3 Nec6 8. a3 Be7 9. Bb2 O-O 10. Nxd4 cxd4 11. Ne2 d5 12. exd5 Qxd5 13. Ng3 f5 14. f4 b5 15. Be2 Bb7 16. Bf3 Qd7 17. d3 Rad8 18. Qe2 Rfe8 19. Rae1 Bd6 20. Bc1 Re7 21. b4 Qc7 22. Kh1 Rc8 23. Bd2 Nd8 24. Rc1 Bxf3 25. Qxf3 Qc6 26. Qe2 Qd5 27. c4 dxc3 28. Rxc3 Rxc3 29. Bxc3 Rc7 30. Ba1 Qc6 31. Nh5 Bf8 32. Be5 Rd7 33. h3 Nf7 34. Ba1 Nd8 35. Be5 Qd5 36. d4 Nc6 37. Rc1 Kf7 38. Rd1 a5 39. bxa5 Nxa5 40. Ra1 Nc4 41. Kh2 Ra7 42. Qf2 Rxa3 43. Rxa3 Nxa3 44. Qg3 g6 45. Nf6 Qa2 46. Nxh7 Nc4 47. Ng5+ Kg8 48. Nxe6 Nxe5 49. Nxf8 Ng4+ 50. hxg4 Kxf8 51. gxf5 gxf5 52. Qg6 Qd5 53. Qf6+ Kg8 54. Qg6+ Kf8 55. Qf6+ Kg8 56. Qg6+ Kf8 1/2-1/2

[Event "FIDE Online Olympiad Div 2 Pool A 2020"]
[Site "Online"]
[Date "2020.08.16"]
[Round "9"]
[White "Osmanodja, Filiz"]
[Black "Salimova, Nurgyul"]
[Result "0-1"]
[ECO "B15"]
[WhiteElo "2131"]
[BlackElo "2244"]
[Annotator "broadcasts"]
[PlyCount "66"]
[EventDate "2020.08.14"]
[EventType "team-tourn"]
[TimeControl "900+5"]

1. e4 c6 2. d4 d5 3. Nc3 dxe4 4. Nxe4 Nf6 5. Nxf6+ exf6 6. Nf3 Bd6 7. h3 O-O 8. Bd3 Re8+ 9. Be3 Nd7 10. Qd2 Nf8 11. O-O-O Be6 12. Kb1 b5 13. Nh4 g6 14. f4 f5 15. Nf3 Bd5 16. Rhf1 Qe7 17. Rde1 Ne6 18. g4 fxg4 19. Ne5 gxh3 20. f5 Nf8 21. f6 Qc7 22. Bg1 Bxe5 23. dxe5 Rxe5 24. Bh2 Rxe1+ 25. Rxe1 Qd7 26. Qh6 Ne6 27. Re3 Bg2 28. Rg3 Qd4 29. Re3 Qxf6 30. Be5 Qf2 31. Bc3 Qf4 32. Qxf4 Nxf4 33. Be4 Re8 0-1

[Event "FIDE Online Olympiad Div 2 Pool A 2020"]
[Site "Online"]
[Date "2020.08.16"]
[Round "9"]
[White "Yordanov, Lachezar"]
[Black "Vogel, Roven"]
[Result "1-0"]
[ECO "D85"]
[WhiteElo "2005"]
[BlackElo "1932"]
[Annotator "broadcasts"]
[PlyCount "45"]
[EventDate "2020.08.14"]
[EventType "team-tourn"]
[TimeControl "900+5"]

1. d4 Nf6 2. c4 g6 3. Nc3 d5 4. cxd5 Nxd5 5. e4 Nxc3 6. bxc3 Bg7 7. Nf3 c5 8. Bb5+ Nc6 9. Rb1 O-O 10. d5 Na5 11. O-O e5 12. Bg5 Qd6 13. Nd2 f5 14. f3 a6 15. Be2 Bd7 16. Nc4 Nxc4 17. Bxc4 fxe4 18. Be7 Qxe7 19. d6+ Qe6 20. Bxe6+ Bxe6 21. Rxb7 exf3 22. Rxf3 Rxf3 23. gxf3 1-0